Map: Eternal Empire LE

Players

Astrea - Winner!

  • Race: Protoss Protoss
  • League: Master
  • Spawn Location: 7:00

Neeb

  • Race: Protoss Protoss
  • League: Master
  • Spawn Location: 1:00

Event: DreamHack SC2 Masters 2020 Fall

VOD

Have the link to the VOD?

Description

Time

  • Played on: Sept. 12, 2020, 6:43 p.m.
  • Length: 18:04

All games in this series

Show
View Real Time Build Order
Export as new Build Order

Astrea Protoss - Winner!

Build Orders: Phoenix Opening, Archon Immortal 

Get SALT Encoding   

  12  0:00  Probe  
  13  0:12  Probe  
  14  0:17  Pylon  
  14  0:24  Probe (Chrono Boost)  
  15  0:36  Gateway, Probe (Chrono Boost)  
  16  0:44  Probe (Chrono Boost)  
  16  0:46  Assimilator  
  17  0:51  Probe  
  17  0:54  Assimilator  
  18  1:03  Probe (Chrono Boost)  
  19  1:08  Gateway  
  19  1:13  Probe (Chrono Boost)  
  19  1:18  Probe (Chrono Boost)  
  20  1:24  Cybernetics Core  
  21  1:30  Probe  
  22  1:34  Pylon  
  22  1:42  Probe  
  23  1:54  Probe  
  23  2:00  Warp Gate, Adept x2  
  28  2:06  Probe  
  29  2:10  Pylon  
  29  2:20  Probe  
  30  2:28  Shield Battery  
  30  2:37  Stalker x2  
  30  2:41  Stargate  
  34  3:09  Nexus  
  34  3:11  Pylon  
  34  3:16  Sentry  
  36  3:23  Phoenix (Chrono Boost)  
  36  3:26  Probe  
  39  3:38  Probe  
  39  3:39  Phoenix (Chrono Boost)  
  41  3:50  Probe  
  41  3:54  Robotics Facility  
  43  4:02  Probe  
  43  4:03  Phoenix  
  45  4:15  Probe (Chrono Boost)  
  46  4:23  Probe (Chrono Boost)  
  47  4:27  Probe (Chrono Boost)  
  49  4:32  Probe (Chrono Boost)  
  49  4:33  Probe (Chrono Boost)  
  49  4:37  Probe (Chrono Boost)  
  50  4:41  Probe  
  52  4:46  Sentry  
  52  4:47  Observer  
  52  4:49  Pylon, Probe  
  56  4:53  Probe  
  57  5:01  Probe  
  57  5:05  Probe  
  59  5:12  Nexus  
  59  5:13  Probe  
  56  5:16  Immortal (Chrono Boost)  
  56  5:17  Probe  
  56  5:21  Pylon  
  61  5:26  Probe  
  62  5:28  Assimilator  
  62  5:31  Probe  
  63  5:38  Probe  
  63  5:39  Pylon  
  64  5:43  Probe  
  64  5:45  Immortal (Chrono Boost)  
  64  5:47  Shield Battery  
  69  5:50  Probe  
  69  5:51  Assimilator  
  69  5:55  Probe  
  71  6:01  Stalker  
  71  6:02  Stalker  
  71  6:03  Probe  
  74  6:04  Pylon  
  74  6:07  Probe  
  68  6:15  Probe  
  69  6:20  Probe (Chrono Boost)  
  69  6:23  Forge  
  69  6:25  Twilight Council  
  70  6:29  Probe (Chrono Boost)  
  70  6:31  Sentry, Probe (Chrono Boost)  
  75  6:33  Sentry  
  75  6:37  Probe (Chrono Boost)  
  75  6:39  Probe (Chrono Boost)  
  79  6:43  Probe x2 (Chrono Boost)  
  81  6:48  Protoss Ground Weapons Level 1 (Chrono Boost)  
  81  6:49  Probe (Chrono Boost)  
  81  6:52  Immortal  
  81  6:53  Probe (Chrono Boost)  
  87  6:55  Probe (Chrono Boost)  
  87  6:57  Probe (Chrono Boost)  
  87  6:58  Probe (Chrono Boost)  
  87  7:01  Charge  
  89  7:03  Probe  
  89  7:07  Probe  
  91  7:10  Probe  
  91  7:15  Probe  
  93  7:19  Gateway x2, Probe  
  93  7:22  Probe  
  95  7:27  Probe  
  96  7:30  Gateway  
  96  7:32  Probe  
  96  7:33  Immortal  
  96  7:34  Probe  
  102  7:39  Probe  
  102  7:40  Assimilator x2  
  102  7:44  Probe  
  104  7:47  Templar Archives, Gateway, Probe  
  105  7:51  Probe  
  105  7:56  Pylon  
  106  8:02  Gateway  
  106  8:11  Warp Prism (Chrono Boost)  
  108  8:12  Gateway  
  108  8:13  Observer, Pylon  
  108  8:20  Pylon  
  108  8:22  Pylon  
  108  8:24  Gateway, Photon Cannon x2  
  108  8:27  High Templar x4, Photon Cannon  
  110  8:30  Protoss Ground Weapons Level 2 (Chrono Boost)  
  110  8:32  Archon x2  
  116  8:43  Observer (Chrono Boost)  
  116  8:44  Zealot x2  
  116  8:46  Pylon  
  117  8:58  Warp Prism  
  117  8:59  High Templar x2  
  117  9:01  High Templar  
  117  9:02  Zealot, High Templar  
  129  9:04  Archon  
  129  9:06  Archon  
  127  9:10  Zealot  
  127  9:11  Zealot x2  
  123  9:28  Zealot  
  112  9:32  Zealot x5  
  112  9:35  Zealot x2  
  109  9:50  Zealot  
  109  9:51  Warp Prism  
  103  9:56  Zealot x7  
  107  10:15  Nexus  
  107  10:17  High Templar x7  
  107  10:18  Zealot  
  123  10:21  Probe  
  123  10:22  Probe x2  
  123  10:25  Phoenix  
  128  10:29  Archon x2  
  128  10:30  Immortal (Chrono Boost), Archon  
  132  10:36  Pylon, Probe x3  
  132  10:41  Zealot x2, High Templar  
  141  10:54  Probe x3  
  141  10:55  Pylon  
  141  10:56  Shield Battery, Photon Cannon  
  144  10:57  Observer, Archon  
  144  10:58  High Templar x2  
  144  11:03  Protoss Ground Weapons Level 3 (Chrono Boost)  
  145  11:04  Archon  
  145  11:05  Zealot x2  
  149  11:16  Observer  
  149  11:24  Pylon  
  149  11:25  Pylon  
  149  11:26  Phoenix, Probe  
  149  11:27  Immortal  
  149  11:30  Assimilator  
  149  11:31  Assimilator  
  156  11:41  Pylon  
  156  11:42  Probe x3  
  159  11:49  Zealot x6  
  171  11:58  Observer  
  171  11:59  High Templar x2  
  175  12:06  Archon  
  175  12:07  Gateway, Photon Cannon  
  175  12:10  Gateway  
  175  12:11  Photon Cannon  
  175  12:12  Photon Cannon  
  175  12:14  Dark Shrine, Photon Cannon  
  175  12:23  Immortal (Chrono Boost)  
  179  12:43  Pylon  
  179  12:44  Pylon  
  179  12:46  Pylon  
  179  12:53  Phoenix  
  177  12:58  Nexus  
  177  12:59  Zealot  
  179  13:06  Zealot x4  
  179  13:07  Zealot x6  
  199  13:13  Stargate  
  199  13:22  Robotics Bay  
  199  13:23  Robotics Facility, Pylon  
  199  13:24  Shadow Stride (Chrono Boost)  
  199  13:26  Unknown  
  199  13:30  Photon Cannon  
  199  13:33  Photon Cannon x2  
  199  13:37  Photon Cannon  
  197  14:07  Dark Templar x3  
  200  14:23  Disruptor  
  200  14:24  Observer  
  184  14:33  Disruptor (Chrono Boost), Nexus  
  170  14:41  Pylon  
  170  14:45  Unknown  
  146  14:46  Blink (Chrono Boost)  
  146  14:50  High Templar  
  146  14:51  High Templar x3  
  146  14:52  High Templar x4  
  159  14:53  Zealot, High Templar x2  
  159  14:56  Disruptor (Chrono Boost)  
  159  14:57  Archon x5  
  164  15:02  Protoss Shields Level 1 (Chrono Boost)  
  164  15:11  Photon Cannon  
  164  15:13  Shield Battery, Observer (Chrono Boost)  
  163  15:15  Pylon  
  163  15:21  Disruptor (Chrono Boost)  
  163  15:26  Zealot x11  
  190  15:38  Disruptor (Chrono Boost)  
  190  15:39  Nexus  
  180  15:50  Disruptor  
  180  15:56  Dark Templar x6  
  195  16:01  Zealot x2  
  195  16:02  Zealot x3  
  189  16:08  Disruptor  
  179  16:25  Zealot x5  
  181  16:32  Disruptor, Zealot  
  179  16:38  Zealot x3  
  179  16:39  Zealot x2  
  174  16:44  Disruptor  
  165  16:48  Observer  
  165  16:51  Zealot x5  
  165  16:54  Probe x2  
  165  16:55  Dark Templar  
  165  16:57  Observer  
  157  17:06  Pylon  
  155  17:10  Unknown  
  155  17:11  Dark Templar x9  
  155  17:12  Zealot  
  175  17:26  Photon Cannon  
  175  17:28  Shield Battery  
  175  17:29  Photon Cannon  
  175  17:31  Pylon  
  175  17:34  Dark Templar x2  
Show
View Real Time Build Order
Export as new Build Order

Neeb Protoss 

Build Orders: Oracle Opening, Blink Stalkers 

Get SALT Encoding   

  12  0:00  Probe  
  13  0:12  Probe  
  14  0:17  Pylon  
  14  0:24  Probe (Chrono Boost)  
  15  0:37  Gateway, Probe (Chrono Boost)  
  16  0:43  Probe (Chrono Boost)  
  16  0:46  Assimilator  
  17  0:51  Probe  
  17  0:55  Assimilator  
  18  1:03  Probe (Chrono Boost)  
  19  1:10  Gateway  
  19  1:14  Probe (Chrono Boost)  
  20  1:19  Probe (Chrono Boost)  
  21  1:25  Cybernetics Core  
  21  1:30  Probe  
  22  1:35  Pylon  
  22  1:42  Probe  
  23  1:54  Probe  
  24  2:02  Stargate  
  24  2:06  Stalker  
  26  2:11  Warp Gate  
  28  2:20  Pylon  
  28  2:22  Stalker  
  28  2:26  Probe  
  28  2:45  Oracle (Chrono Boost)  
  31  2:59  Nexus  
  31  3:08  Shield Battery, Probe  
  32  3:21  Probe  
  32  3:26  Twilight Council  
  33  3:33  Probe  
  34  3:37  Shield Battery  
  34  3:45  Probe  
  34  3:46  Pylon  
  34  3:50  Blink (Chrono Boost)  
  34  3:57  Probe  
  34  3:59  Stalker x2  
  39  4:09  Probe  
  40  4:12  Probe  
  41  4:21  Probe  
  43  4:24  Sentry, Probe  
  43  4:25  Stalker  
  47  4:33  Probe  
  47  4:35  Pylon  
  47  4:36  Probe  
  49  4:46  Probe  
  49  4:48  Probe, Stalker  
  49  4:50  Stalker  
  55  4:58  Probe  
  55  4:59  Assimilator  
  56  5:01  Probe  
  56  5:10  Probe (Chrono Boost)  
  56  5:14  Probe (Chrono Boost)  
  56  5:19  Stalker  
  56  5:20  Stalker  
  60  5:23  Forge  
  60  5:26  Probe (Chrono Boost)  
  60  5:27  Pylon  
  60  5:28  Probe (Chrono Boost)  
  62  5:32  Probe (Chrono Boost)  
  62  5:35  Probe (Chrono Boost)  
  64  5:40  Probe  
  65  5:45  Nexus  
  65  5:49  Probe  
  66  5:50  Protoss Ground Weapons Level 1 (Chrono Boost)  
  66  5:52  Pylon, Probe  
  67  6:05  Probe  
  67  6:09  Probe  
  66  6:12  Stalker  
  66  6:13  Stalker  
  66  6:16  Gateway x2  
  71  6:18  Probe  
  71  6:21  Probe  
  71  6:23  Pylon  
  72  6:27  Charge  
  72  6:30  Robotics Facility  
  72  6:32  Probe  
  73  6:36  Probe  
  74  6:44  Probe, Stalker x2  
  79  6:48  Probe  
  79  6:49  Shield Battery  
  80  6:56  Probe  
  80  6:57  Pylon  
  80  6:58  Pylon, Probe  
  83  7:01  Probe  
  83  7:08  Probe  
  83  7:09  Sentry  
  83  7:10  Sentry  
  83  7:11  Probe  
  83  7:14  Gateway  
  83  7:15  Gateway  
  89  7:16  Stalker  
  89  7:19  Probe  
  89  7:22  Assimilator x2  
  92  7:23  Probe  
  92  7:24  Observer  
  92  7:29  Probe  
  95  7:31  Probe  
  95  7:35  Probe  
  97  7:37  Templar Archives  
  97  7:39  Gateway  
  97  7:41  Probe  
  98  7:45  Gateway  
  98  7:46  Protoss Ground Weapons Level 2 (Chrono Boost)  
  98  7:49  Probe  
  98  7:50  Warp Prism  
  101  7:57  Nexus  
  101  8:01  Pylon  
  101  8:09  Pylon  
  101  8:10  Pylon  
  101  8:11  Photon Cannon  
  101  8:13  Photon Cannon  
  101  8:15  High Templar  
  101  8:16  High Templar  
  101  8:18  Zealot x2  
  101  8:19  Archon  
  109  8:27  High Templar  
  109  8:28  High Templar  
  113  8:36  Zealot, Archon  
  113  8:38  Probe  
  113  8:39  Probe x2  
  118  8:42  Zealot  
  118  8:43  Zealot x2  
  118  8:46  Photon Cannon x2  
  124  8:57  Probe x2  
  124  8:58  Pylon  
  124  8:59  Pylon  
  124  9:01  Zealot, High Templar x2  
  124  9:02  Zealot x2  
  136  9:05  Zealot x2  
  136  9:06  Archon  
  140  9:21  Zealot x2  
  140  9:22  Zealot x2  
  108  9:40  Zealot x3  
  108  9:44  Zealot x2  
  108  9:45  Zealot x3  
  117  9:51  Probe  
  84  10:04  Stalker x3  
  90  10:10  Protoss Ground Weapons Level 3 (Chrono Boost)  
  90  10:11  Stalker x5  
  90  10:12  Probe x2  
  103  10:14  Probe  
  103  10:15  Assimilator  
  103  10:16  Assimilator  
  103  10:19  Dark Shrine  
  103  10:20  Immortal (Chrono Boost)  
  107  10:22  Gateway  
  107  10:23  Gateway, Probe  
  107  10:27  Zealot, Sentry x2  
  114  10:32  Assimilator  
  114  10:35  Photon Cannon  
  114  10:36  Shield Battery, Pylon  
  114  10:38  Zealot x3, High Templar x2  
  124  10:43  Archon  
  124  10:48  Observer (Chrono Boost), Pylon  
  124  10:51  Pylon x2  
  124  10:54  Pylon  
  124  10:55  Probe  
  124  10:56  Probe x2  
  128  11:05  High Templar x2  
  128  11:06  Zealot x4  
  128  11:11  Archon  
  140  11:22  Robotics Bay  
  140  11:23  Robotics Facility  
  140  11:24  Observer  
  141  11:26  Stalker, Photon Cannon  
  141  11:27  Stalker x5  
  153  11:55  Shadow Stride, Nexus  
  151  12:02  Dark Templar x4  
  151  12:03  Dark Templar  
  161  12:15  Pylon  
  164  12:16  Colossus (Chrono Boost)  
  164  12:17  Colossus (Chrono Boost)  
  164  12:18  Pylon  
  164  12:21  Extended Thermal Lance (Chrono Boost)  
  173  12:27  Protoss Shields Level 1 (Chrono Boost)  
  173  12:29  Photon Cannon x2  
  173  12:30  Photon Cannon  
  173  12:37  Shield Battery  
  173  12:38  Shield Battery  
  173  12:46  Unknown  
  173  12:50  Colossus x2 (Chrono Boost)  
  181  13:14  Stalker  
  181  13:15  Stalker x9  
  199  13:21  Shield Battery  
  199  13:23  Shield Battery  
  199  13:26  Photon Cannon  
  199  13:29  Warp Prism  
  200  13:38  Photon Cannon x2  
  200  14:01  Gateway  
  200  14:04  Gateway  
  200  14:06  Gateway  
  200  14:09  Gateway  
  199  14:20  Photon Cannon  
  199  14:23  Photon Cannon  
  187  14:26  Stalker x6  
  187  14:27  Stalker  
  187  14:29  Probe x2  
  194  14:52  Nexus  
  194  14:54  Pylon  
  194  14:55  Pylon  
  190  15:00  Pylon  
  190  15:02  Protoss Shields Level 2 (Chrono Boost)  
  190  15:07  Photon Cannon  
  190  15:10  Photon Cannon  
  190  15:14  Archon  
  190  15:15  Archon  
  190  15:29  Stalker x5  
  200  15:35  Stargate, Photon Cannon  
  200  15:37  Photon Cannon  
  184  15:53  Stalker x2  
  184  15:54  Stalker x6  
  186  16:13  Disruptor x2  
  180  16:24  Dark Templar  
  180  16:25  Dark Templar x3  
  156  16:46  Stalker x5  
  128  16:57  Disruptor (Chrono Boost)  
  108  17:07  Disruptor (Chrono Boost)  
  108  17:15  High Templar x5  
  118  17:17  Nexus  
  118  17:20  Archon x2  
  118  17:23  Photon Cannon  
  118  17:24  High Templar  
  118  17:29  High Templar x2  
  124  17:30  High Templar  
  124  17:32  Dark Templar  
  124  17:35  Archon x2  
  124  17:37  Archon  
  128  17:50  Dark Templar x2  
  128  17:51  Zealot x5  

Tags
 
Add a new tag
Caveats
  • Supply blocks, unpowered buildings, or Contaminate may cause inaccurate times.
  • Supply counts are checked every 10 seconds.